| TOP OF THE 1ST |
|
Bluefield Blue Jays batting - Pitching for Boston (APP) Red Sox : RHP Jim Horwood
|
|
Pitching: RHP Jim Horwood
|
|
|
Batting: SHB Steve Ramsey
|
0-0: Called Strike 0-1: Ball 1-1: Swinging Strike 1-2: Ball 2-2: Ball 3-2: Foul Ball, location: 2F 3-2: Base on Balls
|
|
Batting: SHB Toby Patenaude
|
0-0: Ball 1-0: Ball 2-0: Ball 3-0: Called Strike 3-1: Base on Balls Steve Ramsey to second
|
|
Batting: RHB Mark Noftall
|
0-0: Foul Ball, location: 2F 0-1: Swinging Strike 0-2: Strikes out swinging
|
|
Batting: RHB Lao-che Zhu
|
0-0: Called Strike 0-1: Foul Ball, location: 2F 0-2: Fielders Choice at 2nd, 6-4 (Groundball, 56, EV 107.5 MPH) Steve Ramsey to third
|
|
Batting: RHB Cedric Nicholls
|
0-0: Swinging Strike 0-1: Ball 1-1: Swinging Strike 1-2: Foul Ball, location: 2F 1-2: Ball 2-2: Ball 3-2: Base on Balls Lao-che Zhu to second
|
|
Batting: RHB Tom Bergman
|
0-0: Called Strike 0-1: Foul Ball, location: 2F 0-2: Strikes out swinging
|
| Top of the 1st over - 0 runs, 0 hits, 0 errors, 3 left on base; Bluefield 0 - Boston (APP) 0 |
| BOTTOM OF THE 1ST |
|
Boston (APP) Red Sox batting - Pitching for Bluefield Blue Jays : RHP Bradley Carriere
|
|
Pitching: RHP Bradley Carriere
|
|
|
Batting: RHB Kirk Cully
|
0-0: Called Strike 0-1: Ball 1-1: Called Strike 1-2: Ball 2-2: Ball 3-2: SINGLE (Groundball, 4MD, EV 96.9 MPH)
|
|
Batting: RHB Bob Reichley
|
0-0: Ball 1-0: Ball 2-0: Foul Ball, location: 2F 2-1: Called Strike 2-2: Strikes out swinging
|
|
Batting: SHB Matsudaira Ikeda
|
0-0: Ball 1-0: Called Strike 1-1: Fielders Choice at 2nd, 4-6 (Groundball, 4M, EV 91.9 MPH)
|
|
Batting: RHB Felix Rangel
|
0-0: Fielders Choice at 2nd, 6-4 (Groundball, 6, EV 105.6 MPH)
|
| Bottom of the 1st over - 0 runs, 1 hit, 0 errors, 1 left on base; Bluefield 0 - Boston (APP) 0 |
| TOP OF THE 2ND |
|
Bluefield Blue Jays batting - Pitching for Boston (APP) Red Sox : RHP Jim Horwood
|
|
Batting: RHB Benedikt Fleischmann
|
0-0: Ball 1-0: Ground out 6-3 (Groundball, 6, EV 107.5 MPH)
|
|
Batting: SHB Miguel Sano Jr.
|
0-0: Ball 1-0: Foul Ball, location: 2F 1-1: Foul Ball, location: 2F 1-2: Strikes out swinging
|
|
Batting: RHB Lewis O'Connell
|
0-0: Fly out, F8 (Flyball, 8RD, EV 76.2 MPH)
|
| Top of the 2nd over - 0 runs, 0 hits, 0 errors, 0 left on base; Bluefield 0 - Boston (APP) 0 |
| BOTTOM OF THE 2ND |
|
Boston (APP) Red Sox batting - Pitching for Bluefield Blue Jays : RHP Bradley Carriere
|
|
Batting: RHB Eric Kent
|
0-0: Ball 1-0: Hit by Pitch
|
|
Batting: SHB Arihito Hiramoto
|
0-0: Ball Eric Kent steals 2nd base 1-0: Ball 2-0: Ball 3-0: Base on Balls
|
|
Batting: RHB Wayne Whimster
|
0-0: Fly out, F5 (Popup, 5L, EV 61.9 MPH)
|
|
Batting: RHB Estevan Carrillo
|
0-0: Swinging Strike 0-1: Swinging Strike 0-2: Ball 1-2: Fly out, F9 (Flyball, 89S, EV 77.5 MPH)
|
|
Batting: RHB Luis Nino
|
0-0: Ball 1-0: Fielders Choice at 2nd, 6-4 (Groundball, 6, EV 84.4 MPH)
|
| Bottom of the 2nd over - 0 runs, 0 hits, 0 errors, 2 left on base; Bluefield 0 - Boston (APP) 0 |
| TOP OF THE 3RD |
|
Bluefield Blue Jays batting - Pitching for Boston (APP) Red Sox : RHP Jim Horwood
|
|
Batting: SHB Steve Ramsey
|
0-0: Hit by Pitch
|
|
Batting: SHB Toby Patenaude
|
0-0: Called Strike 0-1: Ball 1-1: Foul Ball, location: 2F 1-2: Fly out, F7 (Flyball, 7S, EV 85.6 MPH)
|
|
Batting: RHB Mark Noftall
|
0-0: Ball 1-0: Called Strike 1-1: Swinging Strike 1-2: Foul Ball, location: 2F 1-2: Ball 2-2: Ball 3-2: SINGLE (Groundball, 56D, EV 97.5 MPH) Steve Ramsey to second Steve Ramsey to third
|
|
Batting: RHB Lao-che Zhu
|
0-0: DOUBLE (Flyball, 78XD, EV 103.8 MPH) Steve Ramsey scores Mark Noftall to third
|
|
Batting: RHB Cedric Nicholls
|
0-0: Swinging Strike 0-1: Ball 1-1: Ball 2-1: Ball 3-1: Ground out U3 (Groundball, 3S, EV 68.1 MPH)
|
|
Batting: RHB Tom Bergman
|
0-0: Foul Ball, location: 2F 0-1: Foul Ball, location: 2F 0-2: Foul Ball, location: 2F 0-2: Ball 1-2: Foul Ball, location: 2F 1-2: Strikes out swinging
|
| Top of the 3rd over - 1 run, 2 hits, 0 errors, 2 left on base; Bluefield 1 - Boston (APP) 0 |
| BOTTOM OF THE 3RD |
|
Boston (APP) Red Sox batting - Pitching for Bluefield Blue Jays : RHP Bradley Carriere
|
|
Batting: RHB Kirk Cully
|
0-0: Ball 1-0: Ground out 4-3 (Groundball, 4MD, EV 98.8 MPH)
|
|
Batting: RHB Bob Reichley
|
0-0: Ball 1-0: Ball 2-0: Foul Ball, location: 2F 2-1: Foul Ball, location: 2F 2-2: Strikes out swinging
|
|
Batting: SHB Matsudaira Ikeda
|
0-0: Swinging Strike 0-1: Foul Ball, location: 2F 0-2: Ball 1-2: Ball 2-2: Strikes out swinging
|
| Bottom of the 3rd over - 0 runs, 0 hits, 0 errors, 0 left on base; Bluefield 1 - Boston (APP) 0 |
| TOP OF THE 4TH |
|
Bluefield Blue Jays batting - Pitching for Boston (APP) Red Sox : RHP Jim Horwood
|
|
Batting: RHB Benedikt Fleischmann
|
0-0: Called Strike 0-1: Ball 1-1: Fly out, F8 (Flyball, 8LM, EV 91.2 MPH)
|
|
Batting: SHB Miguel Sano Jr.
|
0-0: Ball 1-0: Foul Ball, location: 2F 1-1: Ground out 4-3 (Groundball, 4, EV 101.2 MPH)
|
|
Batting: RHB Lewis O'Connell
|
0-0: Ball 1-0: Ground out 4-3 (Groundball, 4, EV 78.1 MPH)
|
| Top of the 4th over - 0 runs, 0 hits, 0 errors, 0 left on base; Bluefield 1 - Boston (APP) 0 |
| BOTTOM OF THE 4TH |
|
Boston (APP) Red Sox batting - Pitching for Bluefield Blue Jays : RHP Bradley Carriere
|
|
Batting: RHB Felix Rangel
|
0-0: Ball 1-0: Ball 2-0: Called Strike 2-1: Ball 3-1: Called Strike 3-2: Base on Balls
|
|
Batting: RHB Eric Kent
|
0-0: Ball 1-0: Fielders Choice at 2nd, 6-4 (Groundball, 6, EV 80.0 MPH)
|
|
Batting: SHB Arihito Hiramoto
|
0-0: Called Strike 0-1: Fly out, F8 (Flyball, 78D, EV 101.9 MPH)
|
|
Batting: RHB Wayne Whimster
|
0-0: Ball 1-0: Called Strike 1-1: Fielders Choice at 2nd, 6-4 (Groundball, 6, EV 102.5 MPH)
|
| Bottom of the 4th over - 0 runs, 0 hits, 0 errors, 1 left on base; Bluefield 1 - Boston (APP) 0 |
| TOP OF THE 5TH |
|
Bluefield Blue Jays batting - Pitching for Boston (APP) Red Sox : RHP Jim Horwood
|
|
Batting: SHB Steve Ramsey
|
0-0: Swinging Strike 0-1: Called Strike 0-2: Ground out 4-3 (Groundball, 4, EV 105.6 MPH)
|
|
Batting: SHB Toby Patenaude
|
0-0: Foul Ball, location: 2F 0-1: Called Strike 0-2: Ball 1-2: Ball 2-2: Ball 3-2: Fly out, F9 (Flyball, 9S, EV 92.5 MPH)
|
|
Batting: RHB Mark Noftall
|
0-0: Ball 1-0: Called Strike 1-1: Ball 2-1: Foul Ball, location: 2F 2-2: Ball 3-2: Base on Balls
|
|
Pitching: RHP Zinedine Lahlafi
|
|
|
Batting: RHB Lao-che Zhu
|
0-0: Called Strike 0-1: Fielders Choice at 2nd, 6-4 (Groundball, 6, EV 95.6 MPH)
|
| Top of the 5th over - 0 runs, 0 hits, 0 errors, 1 left on base; Bluefield 1 - Boston (APP) 0 |
| BOTTOM OF THE 5TH |
|
Boston (APP) Red Sox batting - Pitching for Bluefield Blue Jays : RHP Bradley Carriere
|
|
Batting: RHB Estevan Carrillo
|
0-0: Ball 1-0: Swinging Strike 1-1: Foul Ball, location: 2F 1-2: Strikes out swinging
|
|
Batting: RHB Luis Nino
|
0-0: Ball 1-0: Ball 2-0: Ball 3-0: Called Strike 3-1: Base on Balls
|
|
Batting: RHB Kirk Cully
|
0-0: Fly out, F8 (Flyball, 8RM, EV 90.6 MPH)
|
|
Batting: RHB Bob Reichley
|
0-0: Ground out 6-3 (Groundball, 56D, EV 98.1 MPH)
|
| Bottom of the 5th over - 0 runs, 0 hits, 0 errors, 1 left on base; Bluefield 1 - Boston (APP) 0 |
| TOP OF THE 6TH |
|
Bluefield Blue Jays batting - Pitching for Boston (APP) Red Sox : RHP Zinedine Lahlafi
|
|
Batting: RHB Cedric Nicholls
|
0-0: Ball 1-0: Ball 2-0: Called Strike 2-1: Foul Ball, location: 2F 2-2: Ball 3-2: Strikes out swinging
|
|
Batting: LHB Edwin Esparza
|
0-0: Called Strike 0-1: Ball 1-1: Foul Ball, location: 2F 1-2: Foul Ball, location: 2F 1-2: Ball 2-2: Foul Ball, location: 2F 2-2: Strikes out swinging
|
|
Batting: RHB Benedikt Fleischmann
|
0-0: Ground out 5-3 (Groundball, 5L, EV 100.6 MPH)
|
| Top of the 6th over - 0 runs, 0 hits, 0 errors, 0 left on base; Bluefield 1 - Boston (APP) 0 |
| BOTTOM OF THE 6TH |
|
Boston (APP) Red Sox batting - Pitching for Bluefield Blue Jays : RHP Bradley Carriere
|
|
Batting: SHB Matsudaira Ikeda
|
0-0: DOUBLE (Line Drive, 78XD, EV 100.6 MPH)
|
|
Batting: RHB Felix Rangel
|
0-0: Ball 1-0: Ball 2-0: Ball 3-0: Called Strike 3-1: Base on Balls
|
|
Batting: RHB Eric Kent
|
0-0: Swinging Strike 0-1: Ball 1-1: Called Strike 1-2: Foul Ball, location: 2F 1-2: Strikes out swinging
|
|
Batting: SHB Arihito Hiramoto
|
0-0: Ball Balk! Matsudaira Ikeda to third Felix Rangel to second 1-0: Ground out 4-3 (Groundball, 34, EV 85.6 MPH) Matsudaira Ikeda scores Felix Rangel to third
|
|
Batting: RHB Wayne Whimster
|
0-0: Reached via error on a dropped throw from SS, E3 (Groundball, 6, EV 88.8 MPH) Felix Rangel scores
|
|
Batting: RHB Estevan Carrillo
|
0-0: Ball 1-0: Called Strike 1-1: Ground out 1-3 (Groundball, 15S, EV 66.2 MPH)
|
| Bottom of the 6th over - 2 runs, 1 hit, 1 error, 1 left on base; Bluefield 1 - Boston (APP) 2 |
| TOP OF THE 7TH |
|
Bluefield Blue Jays batting - Pitching for Boston (APP) Red Sox : RHP Zinedine Lahlafi
|
|
Batting: SHB Miguel Sano Jr.
|
0-0: Ball 1-0: Foul Ball, location: 2F 1-1: Foul Ball, location: 2F 1-2: Strikes out swinging
|
|
Batting: RHB Lewis O'Connell
|
0-0: Ball 1-0: Called Strike 1-1: Ball 2-1: Called Strike 2-2: Strikes out swinging
|
|
Batting: SHB Steve Ramsey
|
0-0: Called Strike 0-1: Ground out 3-1 (Groundball, 34, EV 86.2 MPH)
|
| Top of the 7th over - 0 runs, 0 hits, 0 errors, 0 left on base; Bluefield 1 - Boston (APP) 2 |
| BOTTOM OF THE 7TH |
|
Boston (APP) Red Sox batting - Pitching for Bluefield Blue Jays : RHP Bradley Carriere
|
|
Pitching: RHP Chris Mansfield
|
|
|
Batting: RHB Luis Nino
|
0-0: SINGLE (Groundball, 56D, EV 100.6 MPH)
|
|
Batting: RHB Kirk Cully
|
0-0: Called Strike 0-1: Ball 1-1: DOUBLE (Flyball, 89D, EV 90.6 MPH) Luis Nino to third
|
|
Batting: RHB Bob Reichley
|
0-0: Ball 1-0: Ball 2-0: Ball 3-0: Called Strike 3-1: Swinging Strike 3-2: Strikes out swinging
|
|
Batting: SHB Matsudaira Ikeda
|
0-0: Intentional Walk
|
|
Batting: RHB Felix Rangel
|
0-0: Ball 1-0: Called Strike 1-1: Called Strike 1-2: Ball 2-2: Strikes out swinging
|
|
Batting: RHB Eric Kent
|
0-0: Foul Ball, location: 2F 0-1: Swinging Strike 0-2: Ball 1-2: Foul Ball, location: 2F 1-2: Ball 2-2: Strikes out looking
|
| Bottom of the 7th over - 0 runs, 2 hits, 0 errors, 3 left on base; Bluefield 1 - Boston (APP) 2 |
| TOP OF THE 8TH |
|
Bluefield Blue Jays batting - Pitching for Boston (APP) Red Sox : RHP Zinedine Lahlafi
|
|
Batting: SHB Toby Patenaude
|
0-0: Ball 1-0: Foul Ball, location: 2F 1-1: Ball 2-1: Ball 3-1: Base on Balls
|
|
Batting: RHB Mark Noftall
|
0-0: Ball 1-0: SINGLE (Groundball, 6D, EV 96.2 MPH) Toby Patenaude to second Runner from 2nd tries for 3rd, SAFE, throw by CF made to third Mark Noftall to second
|
|
Pinch Hitting: LHB Jessie Stewart
|
0-0: Ball 1-0: Called Strike 1-1: Swinging Strike 1-2: Foul Ball, location: 2F 1-2: Foul Ball, location: 2F 1-2: Ball 2-2: Ball 3-2: Base on Balls
|
|
Pinch Hitting: RHB Brandon Williams
|
0-0: Ball 1-0: Foul Ball, location: 2F 1-1: Fly out, F8 (Flyball, 8RS, EV 80.6 MPH)
|
|
Pitching: RHP Randy Williams
|
|
|
Batting: LHB Edwin Esparza
|
0-0: Called Strike 0-1: Ball 1-1: Swinging Strike 1-2: Ball 2-2: Strikes out swinging
|
|
Pinch Hitting: RHB Jim Sabin
|
0-0: Called Strike 0-1: Ball 1-1: Swinging Strike 1-2: Ball 2-2: Strikes out swinging
|
| Top of the 8th over - 0 runs, 1 hit, 0 errors, 3 left on base; Bluefield 1 - Boston (APP) 2 |
| BOTTOM OF THE 8TH |
|
Boston (APP) Red Sox batting - Pitching for Bluefield Blue Jays : RHP Chris Mansfield
|
|
Now at 1B: Jessie Stewart
|
|
|
Now at 3B: Jerry Perez
|
|
|
Now in LF: Brandon Williams
|
|
|
Now in CF: Steve Ramsey
|
|
|
Batting: SHB Arihito Hiramoto
|
0-0: Foul Ball, location: 2F 0-1: Ball 1-1: Ball 2-1: Fly out, F7 (Flyball, 78M, EV 88.1 MPH)
|
|
Batting: RHB Wayne Whimster
|
0-0: Called Strike 0-1: Ball 1-1: Called Strike 1-2: Strikes out swinging
|
|
Batting: RHB Estevan Carrillo
|
0-0: DOUBLE (Line Drive, 89D, EV 106.9 MPH)
|
|
Pitching: LHP Matt Ray
|
|
|
Batting: RHB Luis Nino
|
0-0: Called Strike 0-1: Ball 1-1: Ball 2-1: Fly out, F6 (Popup, 6MS, EV 65.0 MPH)
|
| Bottom of the 8th over - 0 runs, 1 hit, 0 errors, 1 left on base; Bluefield 1 - Boston (APP) 2 |
| TOP OF THE 9TH |
|
Bluefield Blue Jays batting - Pitching for Boston (APP) Red Sox : RHP Randy Williams
|
|
Pitching: RHP Jose Duran
|
|
|
Pinch Hitting: RHB Victor Ortiz
|
0-0: Called Strike 0-1: Swinging Strike 0-2: Strikes out swinging
|
|
Batting: RHB Lewis O'Connell
|
0-0: Ball 1-0: Swinging Strike 1-1: Ball 2-1: SINGLE (Groundball, 6D, EV 107.5 MPH)
|
|
Batting: SHB Steve Ramsey
|
0-0: Called Strike 0-1: Called Strike 0-2: Strikes out looking
|
|
Batting: SHB Toby Patenaude
|
0-0: Ball 1-0: Ball 2-0: DOUBLE (Line Drive, 89XD, EV 102.5 MPH) Lewis O'Connell to third
|
|
Batting: RHB Mark Noftall
|
0-0: Intentional Walk
|
|
Batting: LHB Jessie Stewart
|
0-0: Fly out, F5 (Line Drive, 5L, EV 69.4 MPH)
|
| Top of the 9th over - 0 runs, 2 hits, 0 errors, 3 left on base; Bluefield 1 - Boston (APP) 2 |
|